 Dungeon Crawl Stone Soup version 0.17.0-73-gb648821 (webtiles) character file.

3166 homeworkjunkie the Cleaver (level 9, -2/82 HPs)
             Began as a Hill Orc Fighter on Dec 9, 2015.
             Was an Elder of Okawaru.
             Slain by a five-headed hydra (6 damage)
             ... on level 10 of the Dungeon.
             The game lasted 00:18:15 (5771 turns).

homeworkjunkie the Cleaver (Hill Orc Fighter)       Turns: 5771, Time: 00:18:15

Health: -2/82      AC: 19    Str: 23    XL:     9   Next: 94%
Magic:  11/11      EV:  9    Int:  8    God:    Okawaru [****..]
Gold:   113        SH: 11    Dex: 17    Spells: 0 memorised, 8 levels left

rFire  . . .     SeeInvis .     i - +3 war axe
rCold  . . .     Clarity  .     b - +2 scale mail
rNeg   . . .     SustAt   .     c - +0 shield
rPois  +         Gourm    .     k - +2 helmet
rElec  .         Spirit   .     G - +0 cloak
rCorr  .         Warding  .     w - +1 pair of gloves
rMut   .         Stasis   .     p - +2 pair of boots
MR     .....                    a - amulet of rage
Stlth  +.........               n - +3 ring of strength
                                L - +5 ring of dexterity

@: about to teleport, not resistant to hostile enchantments, very unstealthy
A: poison resistance
a: Heroism, Renounce Religion, Evoke Berserk Rage


You were on level 10 of the Dungeon.
You worshipped Okawaru.
Okawaru was greatly pleased with you.
You were not hungry.

You visited 1 branch of the dungeon, and saw 11 of its levels.
You also visited: Ossuary.

You collected 464 gold pieces.
You spent 351 gold pieces at shops.

Inventory:

Hand Weapons
 i - a +3 war axe (weapon)
Missiles
 v - 4 tomahawks (quivered)
Armour
 b - a +2 scale mail (worn)
 c - a +0 shield (worn)
 k - a +2 helmet (worn)
 p - a +2 pair of boots (worn)
 w - a +1 pair of gloves (worn)
 G - a +0 cloak (worn)
Jewellery
 a - an amulet of rage (around neck)
 d - an uncursed ring of ice
 n - a +3 ring of strength (right hand)
 D - an uncursed ring of poison resistance
 L - a +5 ring of dexterity (left hand)
 M - a +3 ring of dexterity
Wands
 h - a wand of frost (24)
 o - a wand of cold (12)
 q - a wand of fire (6)
 t - a wand of fire (10)
 y - a wand of paralysis (8)
 C - a wand of lightning (12)
 E - a wand of slowing (18)
Scrolls
 f - 3 scrolls of remove curse
 m - a scroll of teleportation
 s - a scroll of recharging
 K - 2 scrolls of immolation
Potions
 g - 2 potions of curing
 j - 3 potions of mutation
 l - 4 potions of magic
 r - a potion of agility
 u - 2 potions of flight
 x - 2 potions of brilliance
 z - a potion of invisibility {unknown}
 A - a potion of resistance
 B - a potion of haste {unknown}
 F - a potion of might
 N - a potion of heal wounds {unknown}
Comestibles
 e - 3 bread rations
 H - 4 beef jerkies
 I - a meat ration
 J - a slice of pizza


   Skills:
 * Level 8.4 Fighting
 * Level 9.9 Axes
 * Level 6.2 Armour
 + Level 2.2 Dodging
 * Level 3.8 Stealth
 * Level 6.4 Shields
 * Level 3.1 Evocations


You had 8 spell levels left.
You didn't know any spells.

Dungeon Overview and Level Annotations

Branches:
Dungeon (11/15)            Temple (0/1) D:5
   Lair: D:8-11         Orc: D:9-12

Altars:
Dithmenos
Fedhas
Kikubaaqudgha
Makhleb
Okawaru
Qazlal
Sif Muna
Trog
Vehumet
Xom
Yredelemnul
The Shining One
Jiyva

Shops:
D:6 ??([   D:7 =


Innate Abilities, Weirdness & Mutations

Your system is resistant to poisons.


Message History

You block the five-headed hydra's attack.
You block the sky beast's attack.
Drink which item? (? for menu, Esc to quit)
You feel better.
The five-headed hydra barely misses you. x2
The five-headed hydra bites you!
* * * LOW HITPOINT WARNING * * *
You block the five-headed hydra's attack.
The five-headed hydra closely misses you.
The sky beast hits you.
* * * LOW HITPOINT WARNING * * *
The sky beast shocks you.
* * * LOW HITPOINT WARNING * * *
A hound comes into view.
Read which item? (? for menu, Esc to quit)
As you read the scroll of teleportation, it crumbles to dust.
You feel strangely unstable.
The five-headed hydra bites you but does no damage. x3
The five-headed hydra bites you.
You die...

##+# #.. #.#
########@##
#...(..YD.#
#+#######.......>.#
......#.'.........#
......'.#.........#
.)....###.........+
......# #...h.....#
......# #.........#
......# #.........#


You could see a five-headed hydra, a sky beast and a hound.

Vanquished Creatures
  Grinder (D:5)
  A water moccasin (D:10)
  Duvessa (D:4)
  An orc warrior (D:8)
  An ice beast (D:7)
  An eye of draining (D:8)
  2 phantoms
  3 ogres
  3 centaurs
  2 sky beasts
  3 giant frogs
  Dowan (D:4)
  2 scorpions
  3 wights (D:7)
  2 crimson imps
  2 giant frog zombies
  2 jellies
  An orc priest (D:3)
  A gnoll shaman (D:3)
  4 orc wizards
  Crazy Yiuf (D:4)
  A centaur skeleton (D:5)
  2 iguanas
  2 giant frog skeletons
  Natasha (twice) (D:2)
  2 hounds
  4 worker ants
  2 hound zombies (D:6)
  12 mummies (Ossuary)
  6 gnolls (D:3)
  A worker ant zombie (D:5)
  9 adders
  2 shadow imps (D:5)
  6 oozes
  2 adder skeletons
  An adder zombie (D:7)
  4 worms
  6 giant geckos
  14 orcs
  5 bats
  4 giant cockroaches
  5 goblins
  2 hobgoblins (D:1)
  2 jackals (D:3)
  2 quokkas (D:5)
  A ball python (D:4)
  A giant cockroach zombie (D:5)
  A giant gecko skeleton (D:6)
  2 giant newts (D:2)
  3 gnoll skeletons (Ossuary)
  A goblin skeleton (Ossuary)
  4 kobolds
  A kobold skeleton (Ossuary)
  2 orc skeletons (Ossuary)
  5 rats
  11 rat skeletons (Ossuary)
168 creatures vanquished.

Vanquished Creatures (others)
  A kobold skeleton (Ossuary)
1 creature vanquished.

Grand Total: 169 creatures vanquished

Notes
Turn   | Place    | Note
--------------------------------------------------------------
     0 | D:1      | homeworkjunkie the Hill Orc Fighter began the quest for the Orb.
     0 | D:1      | Reached XP level 1. HP: 19/19 MP: 1/1
    80 | D:1      | Reached XP level 2. HP: 13/26 MP: 2/2
   648 | D:1      | Reached XP level 3. HP: 33/33 MP: 3/3
   821 | D:2      | Reached skill level 1 in Stealth
   874 | D:3      | Reached skill level 4 in Shields
   874 | D:3      | Reached XP level 4. HP: 27/40 MP: 4/4
   878 | D:3      | Reached XP level 5. HP: 28/46 MP: 5/5
  1066 | D:2      | Found an ancient bone altar of Kikubaaqudgha.
  1068 | D:2      | Found a shadowy altar of Dithmenos.
  1073 | D:2      | Found a radiant altar of Vehumet.
  1073 | D:2      | Found an iron altar of Okawaru.
  1075 | D:2      | Found a burning altar of Makhleb.
  1075 | D:2      | Found a basalt altar of Yredelemnul.
  1083 | D:2      | Became a worshipper of Warmaster Okawaru
  1107 | D:2      | Noticed Natasha
  1118 | D:2      | Killed Natasha
  1200 | D:2      | Noticed Natasha
  1209 | D:2      | Killed Natasha
  1882 | D:3      | Found a deep blue altar of Sif Muna.
  1886 | D:3      | Reached skill level 1 in Dodging
  2098 | D:5      | Entered Level 5 of the Dungeon
  2110 | D:5      | Reached XP level 6. HP: 33/53 MP: 6/6
  2159 | D:5      | Found a staircase to the Ecumenical Temple.
  2160 | D:5      | Noticed Grinder
  2194 | D:5      | Killed Grinder
  2194 | D:5      | Reached skill level 5 in Fighting
  2194 | D:5      | Reached skill level 5 in Axes
  2194 | D:5      | Reached XP level 7. HP: 20/61 MP: 7/7
  2195 | D:5      | Reached * piety under Okawaru
  2546 | D:5      | Found a sand-covered staircase.
  2550 | D:5      | Found a shimmering altar of Xom.
  2557 | Ossuary  | Entered an ossuary
  2691 | Ossuary  | Reached skill level 6 in Axes
  3183 | D:4      | Found a blossoming altar of Fedhas.
  3183 | D:4      | Found a stormy altar of Qazlal.
  3188 | D:4      | Found a bloodstained altar of Trog.
  3268 | D:4      | Found a viscous altar of Jiyva.
  3436 | D:4      | Noticed Dowan
  3437 | D:4      | Noticed Duvessa
  3443 | D:4      | Killed Duvessa
  3443 | D:4      | Reached ** piety under Okawaru
  3443 | D:4      | Reached skill level 5 in Shields
  3443 | D:4      | Reached XP level 8. HP: 68/70 MP: 8/8
  3446 | D:4      | Killed Dowan
  3446 | D:4      | Reached skill level 7 in Axes
  3585 | D:5      | Reached skill level 5 in Armour
  3739 | D:4      | Noticed Crazy Yiuf
  3744 | D:4      | Killed Crazy Yiuf
  3777 | D:4      | Reached skill level 1 in Evocations
  4093 | D:3      | Found a glowing golden altar of the Shining One.
  4403 | D:5      | Noticed an ogre
  4412 | D:5      | Killed an ogre
  4412 | D:5      | Reached skill level 8 in Axes
  4572 | D:6      | Found Sotuqosch's Magic Scroll Shoppe.
  4580 | D:6      | Bought a scroll of enchant armour for 97 gold pieces
  4580 | D:6      | Bought a scroll of identify for 26 gold pieces
  4580 | D:6      | Bought a scroll of identify for 26 gold pieces
  4691 | D:6      | Found Ruefeoteapp's Armour Shoppe.
  4775 | D:6      | Found Unloacyg's Antique Weapon Emporium.
  4811 | D:6      | Found Kodurch's Magic Scroll Shoppe.
  4815 | D:6      | Bought a scroll of enchant armour for 112 gold pieces
  4815 | D:6      | Bought a scroll of identify for 30 gold pieces
  4815 | D:6      | Bought a scroll of identify for 30 gold pieces
  4815 | D:6      | Bought a scroll of identify for 30 gold pieces
  4821 | D:6      | Gained mutation: Your system is resistant to poisons. [potion of beneficial mutation]
  4921 | D:6      | Reached XP level 9. HP: 79/79 MP: 10/10
  5150 | D:7      | Reached *** piety under Okawaru
  5158 | D:7      | Reached skill level 9 in Axes
  5404 | D:7      | Found Sutib's Jewellery Shop.
  5513 | D:7      | Found a glowing golden altar of the Shining One.
  5698 | D:8      | Reached **** piety under Okawaru
  5722 | D:8      | You fall through a shaft for 2 floors!
  5722 | D:10     | Entered Level 10 of the Dungeon
  5758 | D:11     | Noticed a four-headed hydra
  5770 | D:10     | HP: 4/82 [sky beast (6)]
  5771 | D:10     | Slain by a five-headed hydra

Action                   |  1- 3 |  4- 6 |  7- 9 || total
-------------------------+-------+-------+-------++-------
Melee: War axe           |    88 |   103 |   406 ||   597
Evoke: Wand              |       |       |     3 ||     3
  Use: Scroll            |     2 |     4 |    26 ||    32
       Potion            |     1 |     2 |     7 ||    10
 Stab: Distracted        |       |       |     1 ||     1
       Sleeping          |       |       |     2 ||     2
  Eat: Bread ration      |       |     1 |     1 ||     2
       Pizza             |       |     1 |       ||     1
       Beef jerky        |       |       |     1 ||     1
       Meat ration       |       |       |     1 ||     1
